 Dungeon Crawl Stone Soup version 0.31-a0-971-g75a2e9a4b4 (webtiles) character file.

Game seed: 6517805078218932383

1364 zenocrate the Sneak (level 8, -3/37 (39) HPs)
             Began as a Vine Stalker Enchanter on Oct 28, 2023.
             Slain by a wight
             ... wielding a +3 trident of freezing
              (10 damage)
             ... on level 6 of the Dungeon.
             The game lasted 00:06:01 (4570 turns).

zenocrate the Sneak (Vine Stalker Enchanter)        Turns: 4570, Time: 00:06:01

HP:   -3/37 (39)    AC:  4    Str: 11    XL:     8   Next: 64%
MP:   0/12          EV: 11    Int: 15    God:
Gold: 270           SH:  7    Dex: 17    Spells: 0/11 levels left

rFire   . . .        a - +1 dagger
rCold   . . .        j - +2 buckler
rNeg    . . .        b - +0 robe
rPois   .            h - +0 helmet
rElec   .            q - +0 cloak
rCorr   .            (no gloves)
SInv    .            (no boots)
Will    +....        (no amulet)
Stlth   ++++         (no ring)
HPRegen 1.06/turn    (no ring)
MPRegen 0.13/turn

%: guardian spirit
@: drained
A: fangs 3, regeneration 1, magic shield, antimagic bite, no potion heal 2
a: no special abilities


You were on level 6 of the Dungeon.
You visited 2 branches of the dungeon, and saw 7 of its levels.

You collected 270 gold pieces.

Inventory:

Hand Weapons
 a - a +1 dagger (weapon)
Missiles
 r - 2 throwing nets
Armour
 b - a +0 robe (worn)
 h - a +0 helmet (worn)
 j - a +2 buckler (worn)
 q - a +0 cloak (worn)
Wands
 t - a wand of mindburst (5)
 v - a wand of charming (5)
Scrolls
 d - a scroll of revelation {unknown}
 g - a scroll of noise {unknown}
 i - 2 scrolls of immolation {unknown}
 k - 2 scrolls of poison {unknown}
 m - 5 scrolls of teleportation
 n - a scroll of summoning {unknown}
 o - a scroll of silence {unknown}
 p - a scroll of blinking {unknown}
Potions
 c - 2 potions of invisibility
 e - a potion of curing {unknown}
 f - 4 potions of brilliance
 l - 2 potions of lignification
 s - 2 potions of heal wounds {unknown}
 u - a potion of might {unknown}


   Skills:
 + Level 2.4 Fighting
 + Level 4.4 Short Blades
 - Level 1.5 Dodging
 + Level 7.4 Stealth
 - Level 3.0 Shields
 - Level 2.1 Spellcasting
 + Level 5.6 Hexes
 - Level 3.0 Ice Magic


You couldn't memorise any spells.
You knew the following spells:

 Your Spells              Type           Power      Damage    Failure   Level
a - Ensorcelled Hibernat  Hex/Ice        28%        N/A       8%          2
b - Confusing Touch       Hex            18%        N/A       9%          3
c - Tukima's Dance        Hex            18%        N/A       9%          3
d - Dazzling Flash        Conj/Hex       20%        N/A       28%         3

Your spell library contained the following spells:

 Spells                   Type           Power      Damage    Failure   Level
 Lesser Beckoning         Tloc           2%         N/A       43%         2
 Poisonous Vapours        Pois/Air       2%         N/A       43%         2
 Gell's Gravitas          Tloc           1%         N/A       67%         3
 Mephitic Cloud           Conj/Pois/Air  1%         N/A       67%         3
 Teleport Other           Tloc           1%         N/A       67%         3
 Volatile Blastmotes      Fire/Tloc      2%         2d10      67%         3
 Animate Armour           Summ/Erth      2%         N/A       97%         4
 Summon Lightning Spire   Summ/Air       1%         N/A       97%         4
 Freezing Cloud           Conj/Ice/Air   2%         6-21      99%         5
 Lee's Rapid Deconstruct  Erth           0%         3d4*      100%        5
 Starburst                Conj/Fire      0%         6d3       100%        6
 Maxwell's Capacitive Co  Air            0%         ∞         100%        8


Dungeon Overview and Level Annotations

Branches:
Dungeon (6/15)             Temple (1/1) D:5

Altars:
Ashenzari
Cheibriados
Elyvilon
Fedhas
Gozag
Hepliaklqana
Kikubaaqudgha
Makhleb
Nemelex Xobeh
Okawaru
Sif Muna
Xom
Zin
The Shining One

Shops:
D:4 =   D:6 *

Annotations:
D:1 1 transporter


Innate Abilities, Weirdness & Mutations

You have razor-sharp teeth.
Your natural rate of healing is unusually fast.
When hurt, damage is shared between your health and your magic reserves.
Your bite disrupts and absorbs the magic of your enemies.
Potions cannot restore your health.


Message History

You hit the wight but do no damage.
The wight appears confused.
You bite the wight. You drain its power.
You feel invigorated.
The wight is almost destroyed.
The wight hits you from afar with a +3 trident of freezing!
You feel drained. The wight freezes you. The wight barely misses you.
You barely miss the wight. You bite the wight.
You destroy the wight!
Your life force feels restored.
The wight hits you from afar with a +3 trident of freezing.
* * * LOW HITPOINT WARNING * * *
You feel drained. The wight freezes you.
* * * LOW HITPOINT WARNING * * *
The wight attacks as it pursues you!
The wight hits you from afar with a +3 trident of freezing.
* * * LOW HITPOINT WARNING * * *
The wight freezes you.
* * * LOW HITPOINT WARNING * * *
Unknown command.
Okay, then.
Aiming: Mindburst
Press: ? - help, Shift-Dir - straight line, f - wight
Aim: a wight, wielding a +3 trident of freezing and wearing a +0 robe (chance to affect: 64%)
Okay, then.
Aiming: Charm
Press: ? - help, Shift-Dir - straight line, f - wight
Aim: a wight, wielding a +3 trident of freezing and wearing a +0 robe (chance to affect: 49%)
Okay, then.
Unknown command.
Aiming: Mindburst
Press: ? - help, Shift-Dir - straight line, f - wight
Aim: a wight, wielding a +3 trident of freezing and wearing a +0 robe (chance to affect: 64%)
The wight struggles to resist.
You block the wight's attack.
Unknown command.
Unknown command.
Aiming: Mindburst
Press: ? - help, Shift-Dir - straight line, f/p - wight
Aim: a wight, wielding a +3 trident of freezing and wearing a +0 robe (chance to affect: 64%)
The wight struggles to resist.
The wight hits you from afar with a +3 trident of freezing!
You die... # .z.. ##. ... #.. ... ..## ..# ..# zz#

#.# #.# #)# # #.# #.#
#.## .###.# #.#
##z####..# .<##.# ##<##
###.......#
#..#.####...###.@###.....
##....##........## ..)#
##...........#..# ...
#..........###..# ..
#..#........# #... .
............## #....
#...........# .....
..###.......# .... .#
........# ....


You could see a wight.

Vanquished Creatures
  Grinder (D:3)
  Sigmund (D:3)
  A black bear (D:5)
  An ogre (D:4)
  3 scorpions (D:4)
  A wight (D:6)
  2 howler monkeys (D:5)
  A hound (D:5)
  A jelly (D:4)
  An orc priest (D:5)
  A gnoll bouda (D:5)
  Crazy Yiuf (D:2)
  A sleepcap (D:5)
  Jessica (D:3)
  3 orc wizards
  5 gnolls (D:5)
  9 adders
  A shadow imp (D:5)
  A white imp (D:5)
  4 ufetubi
  7 dart slugs
  6 orcs
  5 endoplasms
  4 giant cockroaches
  9 hobgoblins
  7 jackals (D:1)
  6 kobolds
  4 quokkas
  7 ball pythons
  8 bats
  A frilled lizard (D:3)
  4 goblins
  7 rats
115 creatures vanquished.

Notes
Turn   | Place    | Note
-------+----------+-------------------------------------------
     0 | D:1      | zenocrate the Vine Stalker Enchanter began the quest for
                  | the Orb.
     0 | D:1      | Reached XP level 1. HP: 9/9 MP: 4/4
    14 | D:1      | Reached skill level 1 in Short Blades
    95 | D:1      | Reached XP level 2. HP: 7/13 MP: 1/6
   112 | D:1      | Learned a level 2 spell: Ensorcelled Hibernation
   497 | D:1      | Reached skill level 4 in Stealth
   673 | D:1      | Reached XP level 3. HP: 17/17 MP: 2/7
   685 | D:1      | Learned a level 3 spell: Confusing Touch
  1288 | D:2      | Found a runed translucent door.
  1289 | D:2      | Noticed Crazy Yiuf
  1382 | D:2      | Reached XP level 4. HP: 21/21 MP: 8/8
  1469 | D:2      | Reached skill level 1 in Fighting
  1469 | D:2      | Reached skill level 1 in Ice Magic
  1674 | D:2      | Killed Crazy Yiuf
  1938 | D:3      | Found a snail-covered altar of Cheibriados.
  2014 | D:3      | Noticed Sigmund
  2162 | D:3      | Killed Sigmund
  2163 | D:3      | Reached skill level 5 in Stealth
  2163 | D:3      | Reached skill level 1 in Shields
  2163 | D:3      | Reached XP level 5. HP: 25/25 MP: 2/9
  2163 | D:3      | Reached XP level 6. HP: 30/30 MP: 2/10
  2252 | D:3      | Noticed Grinder
  2257 | D:3      | Paralysed by Grinder for 2 turns
  2275 | D:3      | Killed Grinder
  2276 | D:3      | Reached XP level 7. HP: 33/33 MP: 11/11
  2280 | D:3      | Learned a level 3 spell: Tukima's Dance
  2451 | D:3      | Noticed Jessica
  2455 | D:3      | Killed Jessica
  2914 | D:4      | Reached skill level 6 in Stealth
  3086 | D:4      | Found Byoten's Jewellery Shop.
  3502 | D:4      | Reached skill level 5 in Hexes
  3502 | D:4      | Gained mutation: You have razor-sharp teeth. [Vine Stalker
                  | growth]
  3502 | D:4      | Reached XP level 8. HP: 37/37 MP: 12/12
  3734 | D:5      | Entered Level 5 of the Dungeon
  3754 | D:5      | Found a staircase to the Ecumenical Temple.
  3766 | Temple   | Entered the Ecumenical Temple
  4142 | D:5      | Reached skill level 7 in Stealth
  4425 | D:5      | Learned a level 3 spell: Dazzling Flash
  4559 | D:6      | Found Pavanit's Assorted Antiques.
  4570 | D:6      | Slain by a wight

Illustrated notes

Levels and vault maps discovered:
D:1:      spicycebolla_arrival_risky_transporter, layout_basic,
          grunt_decor_clamped, serial_bayou_lake_a
D:2:      layout_basic, uniq_crazy_yiuf_cottage
D:3:      layout_basic, kennysheep_slug_shrine, minivault_27, uniq_grinder,
          uniq_sigmund, uniq_jessica
D:4:      layout_loops_corners, serial_shops, nicolae_lakefront_shop
D:5:      layout_loops_cross, minmay_temple_entry_stoned_glass, chequers_avenue
D:6:      layout_layer_cave, mainiacjoe_overflow_surrounded_room,
          yredelemnul_forgotten_temple_becter, serial_shops, shop,
          dreamdust_gnoll_farm, uniq_duvessa
Temple:   hellmonk_temple_forest_ring

Skill      XL: |  1  2  3  4  5  6  7  8 |
---------------+-------------------------+-----
Short Blades   | 1 2 3 4 |  4.4
Stealth        | 4 5 6 7 |  7.4
Fighting       | 1 2 |  2.4
Ice Magic      | 2 3 |  3.0
Shields        | 1 2 3 |  3.0
Hexes          | 4 5 |  5.6
Dodging        | |  1.5
Spellcasting   | |  2.1

Action                     |  1- 3 |  4- 6 |  7- 9 || total
---------------------------+-------+-------+-------++-------
  Melee: Dagger            |   111 |    47 |   134 ||   292
         Bite              |    21 |    18 |    36 ||    75
         Punch             |     1 |     2 |       ||     3
   Cast: Ensorcelled Hiber |    11 |    15 |    29 ||    55
         Confusing Touch   |       |     1 |     4 ||     5
  Evoke: Wand              |       |       |     4 ||     4
    Use: Scroll            |       |     1 |     3 ||     4
   Stab: Sleeping          |    17 |     3 |    33 ||    53
         Distracted        |     1 |       |       ||     1
         Confused          |       |     2 |     1 ||     3
 Armour: Robe              |    62 |    25 |    55 ||   142
  Dodge: Dodged            |    82 |    19 |    45 ||   146
  Block: Buckler           |       |       |    32 ||    32

Table legend: (Time is in decaauts)
 A = Elapsed time spent in this place.
 B = Non-inter-level travel time spent in this place.
 C = Inter-level travel time spent in this place.
 D = Time resting spent in this place.
 E = Time spent auto-exploring this place.
 F = Levels seen in this place.
 G = Mean time per level.
                   A        B        C        D        E       F      G
               +--------+--------+--------+--------+--------+-----+--------+
         Total |   4576 |   4454 |    122 |     27 |   3526 |   7 |  653.7 |
       Dungeon |   4571 |   4449 |    122 |     27 |   3526 |   6 |  761.8 |
        Temple |      4 |      4 |      0 |      0 |      0 |   1 |    4.0 |
               +--------+--------+--------+--------+--------+-----+--------+

Top non-repeatable levels by time:
     D:1: 1090 daAuts
     D:4: 939 daAuts
     D:3: 876 daAuts
     D:2: 844 daAuts
     D:5: 784 daAuts
     D:6: 36 daAuts
  Temple: 4 daAuts
